 Dungeon Crawl Stone Soup version 0.25-a0-246-g58704a1ebd (webtiles) character file.

Game seed: 15263755969316751824, levelgen mode: classic

26194 Borgoz the Fighter (level 13, -3/83 HPs)
             Began as a Gargoyle Gladiator on Dec 3, 2019.
             Was the Champion of Okawaru.
             Slain by a red ugly thing (17 damage)
             ... on level 12 of the Dungeon.
             The game lasted 00:32:45 (13959 turns).

Borgoz the Fighter (Gargoyle Gladiator)            Turns: 13959, Time: 00:32:45

Health: -3/83      AC: 26    Str: 21    XL:     13   Next: 24%
Magic:  0/18       EV: 12    Int: 13    God:    Okawaru [******]
Gold:   1231       SH:  0    Dex: 12    Spells: 18/19 levels left

rFire    . . .     SeeInvis .   a - +5 lajatang (elec)
rCold    + . .     Gourm    .   (shield currently unavailable)
rNeg     + . .     Faith    .   m - +3 chain mail {rC+}
rPois    ∞         Spirit   +   t - +2 hat {Int+3}
rElec    +         Reflect  .   v - scarf {Spirit}
rCorr    +         Harm     .   (no gloves)
MR       +....                  (no boots)
Stlth    ..........             K - amulet of rage
HPRegen  0.23/turn              n - ring of protection from magic
MPRegen  0.16/turn              H - ring of resist corrosion

@: studying Short Blades
A: negative energy resistance 1, electricity resistance, unbreathing,
petrification resistance, rot immunity, AC +9
a: Heroism, Finesse, Renounce Religion, Evoke Berserk Rage


You were on level 12 of the Dungeon.
You worshipped Okawaru.
Okawaru was exalted by your worship.
You were very hungry.

You visited 2 branches of the dungeon, and saw 14 of its levels.
You also visited: Bailey.

You collected 1231 gold pieces.

Inventory:

Hand Weapons
 a - a +5 lajatang of electrocution (weapon)
 b - the +8 quarterstaff "Syizimax" {flame, -Tele rC+ Str+4}
   (Okawaru gifted it to you on level 9 of the Dungeon)

   It has been specially enchanted to burn those struck by it, causing extra
   injury to most foes and up to half again as much damage against particularly
   susceptible opponents.
   It affects your strength (+4).
   It protects you from cold.
   It prevents most forms of teleportation.
 L - the +4 battleaxe "Mocs" {freeze, rN+}
   (You took it off an orc warrior on level 11 of the Dungeon)

   It has been specially enchanted to freeze those struck by it, causing extra
   injury to most foes and up to half again as much damage against particularly
   susceptible opponents.
   It can also slow down cold-blooded creatures.
   It protects you from negative energy.
 P - a +0 dire flail
Missiles
 d - 6 throwing nets (quivered)
Armour
 m - a +3 chain mail of cold resistance (worn)
 t - a +2 hat of intelligence (worn)
 v - a scarf of spirit shield (worn)
Jewellery
 n - a ring of protection from magic (left hand)
 D - an uncursed amulet of magic regeneration
 G - a +5 ring of intelligence
 H - a ring of resist corrosion (right hand)
 K - an amulet of rage (around neck)
 M - the ring "Ungice" {+Fly rPois Int+2}
   (You took it off a tengu conjurer on level 11 of the Dungeon)

   [ring of flight]

   It affects your intelligence (+2).
   It protects you from poison.
   It lets you fly.
Wands
 h - a wand of digging (5)
 p - a wand of iceblast (6)
 r - a wand of random effects (11)
 u - a wand of polymorph (19)
 z - a wand of clouds (5)
 A - a wand of paralysis (20)
 F - a wand of flame (11)
 J - a wand of disintegration (12)
 R - a wand of enslavement (8)
Scrolls
 e - 8 scrolls of teleportation
 i - 2 scrolls of magic mapping
 k - 12 scrolls of remove curse
 o - 2 scrolls of blinking
 s - a scroll of brand weapon {unknown}
 x - 3 scrolls of fog
 I - a scroll of holy word {unknown}
Potions
 c - 2 potions of brilliance
 g - 4 potions of curing
 j - 2 potions of haste
 q - 3 potions of cancellation
 w - a potion of resistance
 C - a potion of mutation
 E - a potion of ambrosia {unknown}
 O - a potion of flight
Books
 y - a manual of Short Blades
Comestibles
 f - 26 rations


   Skills:
 * Level 10.7 Fighting
 * Level 2.3(6.6) Maces & Flails
 - Level 9.7(9.9) Staves
 - Level 1.7 Throwing
 * Level 10.3 Armour
 * Level 8.5 Dodging
 - Level 5.0 Stealth
 + Level 3.7 Spellcasting
 + Level 3.3 Hexes
 + Level 6.8 Invocations
 + Level 5.3 Evocations


You had 18 spell levels left.
You knew the following spells:

 Your Spells              Type           Power        Failure   Level  Hunger
a - Confusing Touch       Hex            ##....       34%         1    #......

Your spell library contained the following spells:

 Spells                   Type           Power        Failure   Level  Hunger
 Corona                   Hex            ##.....      34%         1    #......
 Slow                     Hex            ##......     45%         2    ##.....
 Animate Skeleton         Necr           N/A          80%         1    #......
 Apportation              Tloc           #.....       80%         1    #......
 Magic Dart               Conj           #...         80%         1    #......
 Summon Small Mammal      Summ           #...         80%         1    #......
 Blink                    Tloc           N/A          90%         2    ##.....
 Call Imp                 Summ           #.......     90%         2    ##.....
 Inner Flame              Hex/Fire       #.......     90%         3    ###....
 Portal Projectile        Hex/Tloc       #.....       90%         3    ###....
 Summon Guardian Golem    Hex/Summ       #.......     90%         3    ###....
 Cause Fear               Hex            ##........   98%         4    #####..
 Call Canine Familiar     Summ           #.......     99%         3    ###....
 Conjure Flame            Conj/Fire      #.......     99%         3    ###....
 Ignite Poison            Fire/Tmut/Pois #.......     99%         3    ###....
 Mephitic Cloud           Conj/Pois/Air  #.......     99%         3    ###....
 Leda's Liquefaction      Hex/Erth       #.........   100%        4    #####..
 Summon Ice Beast         Ice/Summ       #.......     100%        4    #####..
 Summon Lightning Spire   Summ/Air       #.......     100%        4    #####..
 Fireball                 Conj/Fire      #.........   100%        5    ######.
 Starburst                Conj/Fire      #.........   100%        6    #######
 Ring of Flames           Chrm/Fire      #.........   100%        7    #######
 Ignition                 Fire           #.........   100%        8    #######


Dungeon Overview and Level Annotations

Branches:
Dungeon (13/15)            Temple (1/1) D:4            Lair (0/6) D:8
    Orc (0/2) D:9          Bailey (visited)
 Vaults: D:13-14

Altars:
Ashenzari
Cheibriados
Dithmenos
Elyvilon
Fedhas
Gozag
Hepliaklqana
Kikubaaqudgha
Makhleb
Nemelex Xobeh
Okawaru
Qazlal
Ru
Sif Muna
Trog
Uskayaw
Vehumet
Wu Jian
Xom
Yredelemnul
Zin
The Shining One

Shops:
D:6 (


Innate Abilities, Weirdness & Mutations

You are resistant to torment.
Your stone body is resilient. (AC +9)
You are immune to poison.
You resist negative energy. (rN+)
You are resistant to electric shocks. (rElec)
You can survive without breathing.
You are immune to petrification.
You are immune to rotting.


Message History

The red ugly thing completely misses you.
The vampire is infused with unholy energy.
The vampire draws life force from you and is healed!
You slash the vampire!
The vampire is almost destroyed.
The red ugly thing barely misses you.
You hit the vampire. Lightning courses through the vampire!
You destroy the vampire!
Okawaru accepts your kill.
The red ugly thing trunk-slaps you but does no damage.
You hit the red ugly thing.
The red ugly thing is lightly wounded.
The red ugly thing trunk-slaps you!
You are engulfed in flames!
* * * LOW HITPOINT WARNING * * *
You slash the red ugly thing!
The red ugly thing is lightly wounded.
The red ugly thing trunk-slaps you.
* * * LOW HITPOINT WARNING * * *
You are engulfed in flames!!
You die...

..........# #..........# #..#
..........# #..........# #[.#
..........# #..........# #..#
..........#####..........# #..#
.........................# #..#
...(.....................# #...
..........#####..........# #...
..........# #.>u.......# #..#
..........# #.@).......#####..#
.^........#####.[)).............#
########..).....................#
#.................#####..#
#.................# #...
#.........######..# #...
#.........# #..#####...
########.........# #..........
.......).........# #..........


You could see a red ugly thing.

Vanquished Creatures
  Gastronok (D:8)
  Erolcha (D:10)
  A centaur warrior (D:11)
  The ghost of floatRand the Grappler, a novice TrTm of Ashenzari (D:10)
  5 two-headed ogres
  Urug (D:12)
  Nergalle (D:10)
  An unseen horror (D:10)
  An orc knight (D:11)
  2 ugly things
  A cyclops (D:11)
  Maurice (D:10)
  Psyche (D:9)
  A gargoyle (D:12)
  A freezing wraith (D:11)
  2 komodo dragons
  A tengu conjurer (D:11)
  2 trolls
  Prince Ribbit (D:5)
  2 hornets
  Grinder (D:5)
  2 slime creatures
  4 hippogriffs
  A vampire (D:12)
  Sigmund (D:2)
  4 yaks
  A wraith (D:12)
  2 hungry ghosts
  A human (D:8)
  Grum (D:10)
  3 hogs (D:8)
  Eustachio (D:5)
  Menkaure (D:7)
  A soldier ant (D:12)
  2 wargs (D:9)
  A water moccasin (D:10)
  An acid dragon (D:12)
  Duvessa (D:7)
  A hornet zombie (D:9)
  3 ice beasts
  2 sky beasts
  9 orc warriors
  4 phantoms
  5 black bears
  A necrophage (D:11)
  5 ogres
  3 wolves (D:10)
  5 centaurs
  A crocodile (D:10)
  3 big kobolds
  6 bullfrogs
  3 gnoll sergeants
  2 water moccasin zombies
  Dowan (D:7)
  2 scorpions
  5 killer bees (D:7)
  3 howler monkeys (D:11)
  5 crimson imps
  A centaur zombie (D:10)
  4 jellies
  A bullfrog zombie (D:8)
  6 hounds
  3 centaur skeletons
  6 orc priests
  2 bullfrog skeletons
  6 iguanas
  17 orc wizards
  9 worker ants
  A worker ant zombie (D:5)
  2 howler monkey zombies
  12 adders
  21 gnolls
  3 shadow imps
  2 oozes
  An adder skeleton (D:5)
  A worm (D:4)
  2 dart slugs
  11 leopard geckos
  61 orcs
  10 goblins
  6 hobgoblins
  17 jackals
  6 quokkas
  7 bats
  A frilled lizard (D:4)
  30 kobolds
  2 leopard gecko skeletons
  10 rats
387 creatures vanquished.

Vanquished Creatures (others)
  Frances (D:12)
  2 toadstools (D:10)
3 creatures vanquished.

Grand Total: 390 creatures vanquished

Notes
Turn   | Place    | Note
-------+----------+-------------------------------------------
     0 | D:1      | Borgoz the Gargoyle Gladiator began the quest for the Orb.
     0 | D:1      | Reached XP level 1. HP: 12/12 MP: 1/1
   317 | D:1      | Reached XP level 2. HP: 17/18 MP: 2/2
   527 | D:1      | Reached skill level 1 in Armour
   527 | D:1      | Reached XP level 3. HP: 17/22 MP: 3/3
   940 | D:2      | Noticed Sigmund
  1261 | D:2      | Reached skill level 1 in Stealth
  1516 | D:2      | Killed Sigmund
  1516 | D:2      | Reached XP level 4. HP: 27/28 MP: 4/4
  1516 | D:2      | Reached XP level 5. HP: 31/32 MP: 5/5
  1524 | D:2      | Found a radiant altar of Vehumet.
  1537 | D:2      | Found a burning altar of Makhleb.
  1895 | D:2      | Reached XP level 6. HP: 34/38 MP: 6/6
  2118 | D:2      | Found a hazy altar of Hepliaklqana.
  3223 | D:4      | Found a glowing silver altar of Zin.
  3224 | D:4      | Found an ancient bone altar of Kikubaaqudgha.
  3224 | D:4      | Found a glowing golden altar of the Shining One.
  3225 | D:4      | Found a shimmering blue altar of Sif Muna.
  3371 | D:4      | Reached XP level 7. HP: 42/43 MP: 7/7
  3637 | D:4      | Found a staircase to the Ecumenical Temple.
  3650 | Temple   | Entered the Ecumenical Temple
  3785 | Temple   | Became a worshipper of Warmaster Okawaru
  4243 | D:5      | Entered Level 5 of the Dungeon
  4243 | D:5      | Noticed Grinder
  4262 | D:5      | Killed Grinder
  4312 | D:5      | Reached * piety under Okawaru
  4312 | D:5      | Reached skill level 1 in Invocations
  4619 | D:5      | Reached skill level 5 in Staves
  4619 | D:5      | Reached XP level 8. HP: 30/48 MP: 7/9
  4656 | D:5      | Reached skill level 5 in Fighting
  4733 | D:5      | Noticed Eustachio
  4762 | D:5      | Found a shimmering altar of Xom.
  4777 | D:5      | Killed Eustachio
  5023 | D:5      | Noticed Prince Ribbit
  5035 | D:5      | Killed Prince Ribbit
  5035 | D:5      | Reached ** piety under Okawaru
  5413 | D:5      | Found a stormy altar of Qazlal.
  5626 | D:5      | Reached skill level 5 in Armour
  5794 | D:6      | Found Wavoggag's Weapon Shoppe.
  6085 | D:6      | Reached XP level 9. HP: 55/55 MP: 10/10
  6245 | D:6      | Found a glowing golden altar of the Shining One.
  6357 | D:6      | Reached skill level 5 in Dodging
  7055 | D:7      | Reached skill level 1 in Evocations
  7085 | D:7      | Reached *** piety under Okawaru
  7457 | D:7      | Found an ornate altar of the Wu Jian Council.
  7726 | D:7      | Reached **** piety under Okawaru
  7726 | D:7      | Reached skill level 5 in Stealth
  7900 | D:7      | Reached XP level 10. HP: 62/63 MP: 12/12
  7935 | D:7      | Noticed Menkaure
  7936 | D:7      | Noticed Duvessa
  7936 | D:7      | Noticed Dowan
  7943 | D:7      | Killed Duvessa
  7945 | D:7      | Killed Menkaure
  7947 | D:7      | Killed Dowan
  8434 | D:8      | Found a white marble altar of Elyvilon.
  8504 | D:8      | Noticed Gastronok
  8524 | D:8      | Killed Gastronok
  8524 | D:8      | Reached ***** piety under Okawaru
  8848 | D:8      | Noticed a two-headed ogre
  8859 | D:8      | Killed a two-headed ogre
  8859 | D:8      | Reached XP level 11. HP: 66/69 MP: 14/14
  8860 | D:8      | Found a staircase to the Lair.
  9018 | D:9      | Noticed a two-headed ogre
  9031 | D:9      | Killed a two-headed ogre
  9056 | D:9      | Reached skill level 5 in Invocations
  9077 | D:9      | Noticed Psyche
  9102 | D:9      | Killed Psyche
  9102 | D:9      | Reached ****** piety under Okawaru
  9102 | D:9      | Received a gift from Okawaru
  9109 | D:9      | Got a crystal quarterstaff {god gift}
  9339 | D:9      | Identified the +8 quarterstaff "Syizimax" {flame, -Tele rC+
                  | Str+4} (Okawaru gifted it to you on level 9 of the Dungeon)
  9382 | D:9      | Found a stormy altar of Qazlal.
  9386 | D:9      | Learned a level 1 spell: Confusing Touch
  9407 | D:9      | Noticed a two-headed ogre
  9417 | D:9      | Killed a two-headed ogre
  9483 | D:9      | Found a hide-covered altar of Uskayaw.
  9631 | D:9      | Found a staircase to the Orcish Mines.
  9741 | D:9      | Reached skill level 1 in Spellcasting
 10107 | D:10     | Entered Level 10 of the Dungeon
 10123 | D:10     | Noticed Erolcha
 10139 | D:9      | Reached skill level 1 in Hexes
 10249 | D:10     | Killed Erolcha
 10296 | D:10     | Noticed floatRand's ghost (novice TrTm)
 10305 | D:10     | Found a runed translucent door.
 10340 | D:10     | Killed an unseen horror
 10434 | D:10     | Received a gift from Okawaru
 10478 | D:10     | Noticed a two-headed ogre
 10488 | D:10     | Killed a two-headed ogre
 10488 | D:10     | Reached XP level 12. HP: 50/76 MP: 10/16
 10643 | D:10     | Noticed Grum
 10658 | D:10     | Killed Grum
 10693 | D:10     | Noticed Nergalle
 10705 | D:10     | Noticed Maurice
 10708 | D:10     | Killed Nergalle
 10720 | D:10     | Killed Maurice
 10976 | D:10     | Killed floatRand's ghost
 11053 | D:11     | Noticed a two-headed ogre
 11059 | D:11     | Killed a two-headed ogre
 11059 | D:11     | Reached skill level 10 in Fighting
 11072 | D:11     | Noticed a centaur warrior
 11079 | D:11     | Identified the +4 battleaxe "Mocs" {freeze, rN+}
 11550 | D:11     | Identified the ring "Ungice" {+Fly rPois Int+2}
 12010 | D:12     | Found a flagged portal.
 12080 | Bailey   | Entered a bailey
 12166 | Bailey   | Found a bloodstained altar of Trog.
 12357 | D:12     | Noticed Frances
 12376 | D:12     | HP: 2/77 [ogre/+0 giant spiked club (14)]
 12675 | D:11     | Killed a centaur warrior
 12693 | D:11     | Received a gift from Okawaru
 12693 | D:11     | Reached skill level 5 in Evocations
 12998 | D:12     | Noticed Urug
 13006 | D:12     | Reached skill level 10 in Armour
 13064 | D:12     | Killed Urug
 13064 | D:12     | Reached skill level 1 in Maces & Flails
 13064 | D:12     | Reached XP level 13. HP: 43/83 MP: 13/18
 13498 | D:12     | Killed Frances
 13499 | D:12     | HP: 1/83 [burnt (6)]
 13959 | D:12     | Slain by a red ugly thing

Levels and vault maps discovered:
D:1:      minmay_arrival_widening_spiral_wide, layout_loops_corners
D:2:      layout_loops_ring, minitemple, marbit_many_paths, first_ration,
          uniq_sigmund
D:3:      layout_basic
D:4:      layout_basic, chequers_temple_overflow_statue_of_worship, temple_hall
D:5:      layout_gridville, old_standard_altar, grunt_qazlal_clouds,
          uniq_eustachio, uniq_prince_ribbit1, uniq_grinder
D:6:      layout_layer_cave, serial_shops, shop, basic_altar
D:7:      layout_basic, kennysheep_mini_moat, minmay_manual_monolith,
          uniq_menkaure, uniq_duvessa
D:8:      layout_loops_cross, nicolae_overflow_hidden_temple, lair_entry_dummy,
          grunt_livestock, uniq_gastronok
D:9:      layout_roguey, eat_drink_and_be_merry_uskayaw, erik_orc_3,
          basic_altar, hangedman_decor_lopped, uniq_psyche
D:10:     layout_big_octagon, hellmonk_ghost_happy_afterlife,
          minmay_gold_behind_fungi, grunt_ministairs_14, minmay_liquid_box,
          uniq_erolcha, uniq_maurice, uniq_nergalle, uniq_grum
D:11:     minmay_the_grid_triangle_9x9_rhombus_thin_mashed
          [minmay_the_grid_triangle_9x9_pentomino_pain,
          minmay_the_grid_triangle_9x9_prize_schism,
          minmay_the_grid_triangle_9x9_zippers_vertical,
          minmay_the_grid_triangle_9x9_empty], layout_rooms
D:12:     layout_small_grid, enter_bailey_3, uniq_urug, uniq_frances
D:13:     layout_cave_pools, portal_ice_cave_entry_pillars_1, serial_shops,
          shop, uniq_rupert
Temple:   jpeg_temple_alley_garden

Skill      XL: |  1  2  3  4  5  6  7  8  9 10 11 12 13 |
---------------+----------------------------------------+-----
Armour         | 1 2 3 4 5 6 7 9 10 | 10.3
Stealth        | 1 2 3 4 5 |  5.0
Fighting       | 3 4 5 7 8 9 10 | 10.7
Dodging        | 3 4 5 6 7 8 |  8.5
Staves         | 4 5 6 8 9 |  9.7
Invocations    | 1 2 3 4 5 6 |  6.8
Evocations     | 2 3 4 5 |  5.3
Spellcasting   | 1 3 |  3.7
Hexes          | 1 3 |  3.3
Maces & Flails | 1 2 |  2.3
Throwing       | |  1.7

Action                   |  1- 3 |  4- 6 |  7- 9 | 10-12 | 13-15 || total
-------------------------+-------+-------+-------+-------+-------++-------
Melee: Quarterstaff      |   120 |   202 |   407 |   655 |       ||  1384
       Lajatang          |       |       |       |    19 |    75 ||    94
Throw: Throwing net      |     4 |       |       |       |       ||     4
Invok: Heroism           |       |       |     3 |     1 |       ||     4
       Finesse           |       |       |       |     1 |       ||     1
 Abil: Evoke Flight      |       |       |       |     2 |       ||     2
Evoke: Wand              |       |       |       |     5 |       ||     5
  Use: Scroll            |     6 |     9 |     6 |     8 |     1 ||    30
       Potion            |       |     1 |     1 |     9 |     5 ||    16
 Stab: Held in net/web   |     1 |       |       |       |       ||     1
       Paralysed         |       |       |       |     2 |       ||     2
  Eat: Chunk             |     2 |     6 |    16 |    19 |     2 ||    45
       Ration            |       |       |     1 |       |       ||     1
Armor: Leather armour    |     4 |       |       |       |       ||     4
       Ring mail         |    62 |    59 |       |       |       ||   121
       Chain mail        |       |    47 |   302 |   507 |    40 ||   896
Dodge: Dodged            |    78 |   124 |   247 |   528 |    45 ||  1022

Table legend:
 A = Non-vault XP
 B = Vault XP
 C = Vault XP percentage of total XP
 D = Non-vault monster count
 E = Vault monster count
 F = Vault count percentage of total count
                 A         B        C        D         E       F
            +---------+---------+-------+---------+---------+-------
      Total |   18152 |   19268 |  51.5 |     310 |      78 |  20.1
            +---------+---------+-------+---------+---------+-------
        D:1 |      44 |       0 |   0.0 |      23 |       0 |   0.0
        D:2 |      70 |     213 |  75.3 |      18 |       2 |  10.0
        D:3 |     149 |       0 |   0.0 |      40 |       0 |   0.0
        D:4 |     224 |       0 |   0.0 |      22 |       0 |   0.0
        D:5 |     650 |     758 |  53.8 |      20 |       3 |  13.0
        D:6 |     553 |       0 |   0.0 |      16 |       0 |   0.0
        D:7 |    1664 |     861 |  34.1 |      30 |       9 |  23.1
        D:8 |    1142 |    3296 |  74.3 |       8 |       6 |  42.9
        D:9 |    4392 |    1002 |  18.6 |      39 |      15 |  27.8
       D:10 |    3115 |    4509 |  59.1 |      37 |      10 |  21.3
       D:11 |    2322 |    4978 |  68.2 |      27 |      11 |  28.9
       D:12 |    3532 |    3073 |  46.5 |      28 |       6 |  17.6
       D:13 |     295 |       0 |   0.0 |       2 |       0 |   0.0
     Bailey |       0 |     578 | 100.0 |       0 |      16 | 100.0
            +---------+---------+-------+---------+---------+-------
